 Dungeon Crawl Stone Soup version 0.23.2-1-ga50397a6bc (webtiles) character file.

Game seed: 16754837326789439633

675 Kobolds4U the Skirmisher (level 7, -5/84 HPs)
             Began as a Demonspawn Berserker on Apr 26, 2019.
             Was a Believer of Trog.
             Slain by a mummy (17 damage)
             ... in an ossuary.
             The game lasted 00:08:09 (3965 turns).

Kobolds4U the Skirmisher (Demonspawn Berserker)     Turns: 3965, Time: 00:08:09

Health: -5/84      AC:  3    Str: 22    XL:     7   Next: 33%
Magic:  7/7        EV: 14    Int:  9    God:    Trog [**....]
Gold:   196        SH:  0    Dex: 14    Spells: 6/6 levels left

rFire    . . .     SeeInvis .   a - +0 falchion
rCold    . . .     Gourm    .   (no shield)
rNeg     + . .     Faith    +   q - +0 robe {rN+}
rPois    .         Spirit   .   (no helmet)
rElec    .         Reflect  .   (no cloak)
rCorr    .         Harm     .   (no gloves)
MR       ++...                  p - +0 pair of boots
Stlth    ..........             u - amulet of faith
HPRegen  1.24/turn              (no ring)
MPRegen  0.10/turn              (no ring)

@: berserking, regenerating, very quick
A: hooves 1, spiny 1
a: Berserk, Trog's Hand, Renounce Religion


You were in an ossuary.
You worshipped Trog.
Trog was pleased with you.
You were near starving.

You visited 1 branch of the dungeon, and saw 4 of its levels.
You also visited: Ossuary.

You collected 196 gold pieces.

Inventory:

Hand Weapons
 a - a +0 falchion (weapon)
Armour
 p - a +0 pair of boots (worn)
 q - a +0 robe of positive energy (worn)
Jewellery
 u - an amulet of faith (around neck)
Scrolls
 e - 4 scrolls of magic mapping
 g - a scroll of fog {unknown}
 j - 2 scrolls of fear {unknown}
 k - 5 scrolls of teleportation
 n - a scroll of identify {unknown}
 r - a scroll of blinking {unknown}
 t - 3 scrolls of remove curse
 v - a scroll of noise {unknown}
Potions
 b - 2 potions of magic {unknown}
 d - 4 potions of degeneration {unknown}
 f - a potion of invisibility {unknown}
 h - 2 potions of curing {unknown}
 i - a potion of haste
 l - 2 potions of might {unknown}
 m - 4 potions of heal wounds {unknown}
 o - a potion of brilliance {unknown}
 s - 2 potions of cancellation {unknown}
 w - a potion of lignification {unknown}
 x - a potion of mutation {unknown}
Comestibles
 c - 7 rations


   Skills:
 + Level 5.5 Fighting
 + Level 5.3 Long Blades
 - Level 2.0 Armour
 - Level 4.0 Dodging


You had 6 spell levels left.
You didn't know any spells.
Your spell library was empty.

Dungeon Overview and Level Annotations

Branches:
Dungeon (4/15)
 Temple: D:4-7

Altars:
Fedhas
Hepliaklqana
Nemelex Xobeh
Ru
Uskayaw
Yredelemnul
The Shining One


Innate Abilities, Weirdness & Mutations

You have large cloven feet.
You are partially covered in sharp spines.


Message History

You are too injured to fight recklessly!
You are too injured to fight recklessly!
You are too injured to fight recklessly!
You are too injured to fight recklessly!
You are too injured to fight recklessly!
You are too injured to fight recklessly!
Your skin crawls.
You feel resistant to hostile enchantments.
You feel somewhat more hungry.
A red film seems to cover your vision as you go berserk!
You feel yourself moving faster!
You feel mighty!
You are near starving!
The mummy is struck by your spines. The mummy hits you!
* * * LOW HITPOINT WARNING * * *
You barely miss the mummy.
The mummy is moderately damaged.
You closely miss the mummy.
The mummy is moderately damaged.
The mummy hits you!
You die...

### ##.## .!?
##### !.. #...#
#M# #...# #M#
##.## ###@###
#.### ##.....##
##.'.#
##.......###..###
#.........#...'.#
+....⌠....'...###
#.........#...'.#
##.......###..###
##.....## ##.'.#
###'### #.###


You could see 2 mummies.

Vanquished Creatures
  Grinder (D:3)
  A sky beast (D:3)
  A wyvern skeleton (D:4)
  A scorpion (D:3)
  2 human zombies (Ossuary)
  A hound (D:4)
  Terence (D:3)
  A big kobold zombie (Ossuary)
  A mummy (Ossuary)
  5 adders
  3 oozes
  5 worms
  A dart slug (D:1)
  5 leopard geckos
  An orc (D:3)
  6 bats
  3 giant cockroaches
  7 hobgoblins
  2 quokkas
  A frilled lizard (D:2)
  9 goblins
  5 kobolds
  An orc zombie (Ossuary)
  A rat (D:1)
65 creatures vanquished.

Notes
Turn   | Place    | Note
-------+----------+-------------------------------------------
     0 | D:1      | Kobolds4U the Demonspawn Berserker began the quest for the
                  | Orb.
     0 | D:1      | Reached XP level 1. HP: 18/18 MP: 1/1
   187 | D:1      | Gained mutation: You are partially covered in sharp spines.
                  | [demonic ancestry]
   187 | D:1      | Reached XP level 2. HP: 1/24 MP: 2/2
   742 | D:1      | Reached XP level 3. HP: 26/30 MP: 3/3
  1218 | D:2      | Reached ** piety under Trog
  1504 | D:2      | Gained mutation: You have large cloven feet. [demonic
                  | ancestry]
  1504 | D:2      | Reached XP level 4. HP: 36/37 MP: 4/4
  2020 | D:3      | Found a hazy altar of Hepliaklqana.
  2021 | D:3      | Found a glowing golden altar of the Shining One.
  2024 | D:3      | Found a sparkling altar of Nemelex Xobeh.
  2024 | D:3      | Noticed Grinder
  2191 | D:3      | Noticed Terence
  2601 | D:3      | Killed Terence
  2601 | D:3      | Reached XP level 5. HP: 34/42 MP: 5/5
  2762 | D:3      | Noticed a sky beast
  2775 | D:3      | Killed a sky beast
  3026 | D:3      | Found a blossoming altar of Fedhas.
  3050 | D:3      | Reached XP level 6. HP: 19/48 MP: 6/6
  3300 | D:3      | Killed Grinder
  3468 | D:3      | Found a hide-covered altar of Uskayaw.
  3470 | D:3      | Found a sacrificial altar of Ru.
  3472 | D:3      | Found a basalt altar of Yredelemnul.
  3498 | D:4      | Reached skill level 5 in Fighting
  3506 | D:4      | Reached skill level 5 in Long Blades
  3506 | D:4      | Reached XP level 7. HP: 28/56 MP: 7/7
  3633 | D:4      | Found a sand-covered staircase.
  3638 | Ossuary  | Entered an ossuary
  3965 | Ossuary  | Slain by a mummy

Skill      XL: |  1  2  3  4  5  6 |
---------------+-------------------+-----
Long Blades    | 3 4 5 |  5.3
Fighting       | 4 5 |  5.5
Dodging        | 2 3 4 |  4.0
Armour         | 2 |  2.0

Action                   |  1- 3 |  4- 6 |  7- 9 || total
-------------------------+-------+-------+-------++-------
Melee: Falchion          |    79 |    86 |    56 ||   221
Invok: Trog's Hand       |       |     3 |     2 ||     5
       Berserk           |       |     3 |     1 ||     4
  Use: Scroll            |       |     4 |       ||     4
 Stab: Sleeping          |       |     1 |     2 ||     3
  Eat: Chunk             |     2 |     5 |     3 ||    10
       Ration            |       |     1 |       ||     1
Armor: Animal skin       |    13 |     3 |       ||    16
       Robe              |       |     8 |     2 ||    10
Dodge: Dodged            |    52 |    46 |    20 ||   118
       Rpst.: Falchion   |    13 |    14 |     6 ||    33
